[ AOE2 MATCH · #495824268 ]
UnrankedChinese vs Dravidians
Player's team · WIN
Rival team · LOSS
[ REPLAY ANALYSIS · EXTRACTED FROM THE RECORDED GAME ]
Feudal
9:25
Castle
21:57
Imperial
—
| APM avg | 60.4 |
| APM peak | 105 |
| eAPM avg | 27.3 |
| Villagers / military | 72 / 91 |
Focus
⚔️ 43.5% · 🌾 56.5%
Archer ×64 · Knight ×11 · Iron Pagoda ×8 · Scout Cavalry ×5 · Battering Ram ×2 · Spearman ×1
Feudal
11:34
Castle
23:12
Imperial
—
| APM avg | 62.3 |
| APM peak | 106 |
| eAPM avg | 22.7 |
| Villagers / military | 65 / 37 |
Focus
⚔️ 34.5% · 🌾 65.5%
Skirmisher ×11 · Archer ×7 · Spearman ×6 · Elephant Archer ×6 · Militia ×3 · Mangonel ×3
Match map
Initial resources + every placement click. Lines = walls · curves = elevation contours. ◆ gold · ⬟ stone · ● berries · ✦ relic · ◌ wall gap
Your base· Open — opponent sealed themselves in
Hestia's base· ✓ Closed at 23:12 · 43t walls · no gate
Smoothed initial terrain · ◌ = detected wall gap · hover for details
Inputs per minute
— dehinker - - Hestia
Build order — dehinker
First 150 of 261 actions detected
| 0:00 | Research | Loom |
| 0:01 | Research | Loom |
| 0:44 | Queue | Villager (Male) |
| 1:09 | Queue | Villager (Male) |
| 1:36 | Queue | Villager (Male) |
| 1:59 | Queue | Villager (Male) |
| 2:09 | Build | Lumber Camp |
| 2:24 | Queue | Villager (Male) |
| 2:43 | Queue | Villager (Male) |
| 3:02 | Queue | Villager (Male) |
| 3:18 | Build | House |
| 3:33 | Queue | Villager (Male) |
| 3:56 | Queue | Villager (Male) |
| 4:03 | Queue | Villager (Male) |
| 4:21 | Build | Mill |
| 4:27 | Queue | Villager (Male) |
| 4:55 | Queue | Villager (Male) |
| 5:20 | Queue | Villager (Male) |
| 5:21 | Queue | Villager (Male) |
| 5:53 | Build | House |
| 6:36 | Queue | Villager (Male) |
| 6:58 | Build | Barracks |
| 7:14 | Build | Barracks |
| 7:15 | Research | Feudal Age |
| 7:15 | Research | Feudal Age |
| 7:21 | Build | Palisade Wall |
| 7:23 | Build | Palisade Wall |
| 7:26 | Build | Palisade Wall |
| 7:28 | Build | Palisade Wall |
| 8:47 | Build | Palisade Wall |
| 8:48 | Build | House |
| 8:50 | Build | Palisade Wall |
| 8:54 | Build | Palisade Wall |
| 8:57 | Build | Palisade Wall |
| 9:01 | Build | Mining Camp |
| 9:25 | Age | Feudal Age |
| 9:29 | Queue | Villager (Male) |
| 9:56 | Build | Archery Range |
| 9:56 | Queue | Villager (Male) |
| 10:04 | Build | Palisade Gate |
| 10:07 | Build | Palisade Gate |
| 10:16 | Queue | Villager (Male) |
| 10:20 | Queue | Spearman |
| 10:28 | Build | Mill |
| 10:38 | Research | Double-Bit Axe |
| 10:38 | Research | Double-Bit Axe |
| 10:39 | Queue | Archer |
| 10:41 | Queue | Villager (Male) |
| 10:43 | Queue | Villager (Male) |
| 10:59 | Queue | Villager (Male) |
| 11:08 | Queue | Archer |
| 11:09 | Queue | Archer |
| 11:18 | Build | Farm |
| 11:27 | Build | House |
| 11:41 | Queue | Archer |
| 11:42 | Queue | Villager (Male) |
| 11:48 | Build | House |
| 11:54 | Build | Farm |
| 12:00 | Queue | Archer |
| 12:03 | Queue | Villager (Male) |
| 12:10 | Queue | Villager (Male) |
| 12:12 | Queue | Villager (Male) |
| 12:25 | Build | Blacksmith |
| 12:28 | Queue | Villager (Male) |
| 12:34 | Build | House |
| 12:35 | Queue | Archer |
| 12:35 | Queue | Archer |
| 12:36 | Queue | Villager (Male) |
| 12:41 | Queue | Villager (Male) |
| 12:42 | Queue | Villager (Male) |
| 12:56 | Queue | Archer |
| 13:02 | Build | Farm |
| 13:03 | Build | Farm |
| 13:04 | Build | Farm |
| 13:21 | Research | Fletching |
| 13:21 | Research | Fletching |
| 13:22 | Queue | Archer |
| 13:24 | Build | Farm |
| 13:32 | Build | Farm |
| 13:37 | Queue | Villager (Male) |
| 13:39 | Queue | Villager (Male) |
| 13:58 | Build | Stable |
| 13:59 | Queue | Archer |
| 14:10 | Queue | Archer |
| 14:14 | Queue | Archer |
| 14:18 | Queue | Villager (Male) |
| 14:33 | Build | Farm |
| 14:39 | Build | House |
| 14:43 | Build | House |
| 14:45 | Queue | Archer |
| 14:47 | Queue | Archer |
| 14:54 | Queue | Scout Cavalry |
| 14:58 | Build | Farm |
| 15:09 | Queue | Archer |
| 15:10 | Queue | Scout Cavalry |
| 15:16 | Build | Farm |
| 15:17 | Queue | Villager (Male) |
| 15:19 | Build | House |
| 15:33 | Queue | Scout Cavalry |
| 15:38 | Queue | Archer |
| 15:45 | Queue | Villager (Male) |
| 15:47 | Build | Lumber Camp |
| 15:54 | Queue | Archer |
| 16:01 | Queue | Scout Cavalry |
| 16:02 | Queue | Villager (Male) |
| 16:03 | Queue | Archer |
| 16:10 | Build | Farm |
| 16:23 | Queue | Villager (Male) |
| 16:32 | Queue | Archer |
| 16:33 | Queue | Scout Cavalry |
| 16:36 | Build | Farm |
| 16:38 | Build | Farm |
| 16:55 | Build | Farm |
| 17:27 | Queue | Villager (Male) |
| 17:29 | Queue | Archer |
| 17:54 | Queue | Villager (Male) |
| 17:57 | Queue | Villager (Male) |
| 17:57 | Build | Farm |
| 17:58 | Build | Farm |
| 17:58 | Build | Farm |
| 18:02 | Queue | Archer |
| 18:18 | Queue | Villager (Male) |
| 18:20 | Build | Market |
| 18:38 | Build | Farm |
| 18:40 | Queue | Archer |
| 19:02 | Build | Archery Range |
| 19:17 | Research | Castle Age |
| 19:28 | Build | House |
| 19:39 | Queue | Archer |
| 19:40 | Queue | Archer |
| 19:40 | Queue | Archer |
| 19:40 | Queue | Archer |
| 19:40 | Queue | Archer |
| 20:07 | Build | Archery Range |
| 20:08 | Queue | Archer |
| 20:09 | Queue | Archer |
| 20:23 | Research | Bloodlines |
| 20:23 | Research | Bloodlines |
| 20:24 | Research | Scale Barding Armor |
| 20:25 | Research | Scale Barding Armor |
| 20:38 | Build | House |
| 20:39 | Research | Horse Collar |
| 20:39 | Research | Horse Collar |
| 20:40 | Research | Gold Mining |
| 21:23 | Queue | Archer |
| 21:24 | Queue | Archer |
| 21:24 | Queue | Archer |
| 21:26 | Build | Farm |
| 21:57 | Age | Castle Age |
| 22:00 | Research | Crossbowman (upgrade) |
Build order — Hestia
First 150 of 189 actions detected
| 0:00 | Queue | Villager (Male) |
| 0:01 | Build | House |
| 0:02 | Build | House |
| 0:10 | Build | House |
| 0:18 | Queue | Villager (Male) |
| 0:18 | Queue | Villager (Male) |
| 0:18 | Queue | Villager (Male) |
| 1:27 | Queue | Villager (Male) |
| 2:04 | Queue | Villager (Male) |
| 2:28 | Queue | Villager (Male) |
| 2:49 | Queue | Villager (Male) |
| 2:50 | Queue | Villager (Male) |
| 3:02 | Build | Barracks |
| 3:06 | Queue | Villager (Male) |
| 3:26 | Queue | Villager (Male) |
| 3:40 | Queue | Villager (Male) |
| 3:45 | Build | House |
| 4:26 | Queue | Villager (Male) |
| 4:37 | Queue | Militia |
| 4:38 | Queue | Militia |
| 4:45 | Research | Loom |
| 5:12 | Queue | Villager (Male) |
| 5:16 | Build | House |
| 5:26 | Build | House |
| 5:31 | Queue | Militia |
| 6:00 | Queue | Villager (Male) |
| 6:22 | Queue | Villager (Male) |
| 6:52 | Queue | Villager (Male) |
| 7:18 | Queue | Villager (Male) |
| 7:23 | Build | Lumber Camp |
| 7:41 | Queue | Villager (Male) |
| 8:09 | Queue | Villager (Male) |
| 8:29 | Queue | Villager (Male) |
| 8:33 | Queue | Villager (Male) |
| 8:54 | Build | Mill |
| 9:15 | Research | Feudal Age |
| 10:09 | Build | Mining Camp |
| 11:16 | Queue | Villager (Male) |
| 11:16 | Queue | Villager (Male) |
| 11:17 | Queue | Villager (Male) |
| 11:18 | Queue | Villager (Male) |
| 11:26 | Build | Palisade Wall |
| 11:28 | Build | Palisade Wall |
| 11:33 | Queue | Villager (Male) |
| 11:34 | Age | Feudal Age |
| 11:40 | Build | Archery Range |
| 11:43 | Build | Blacksmith |
| 11:45 | Queue | Villager (Male) |
| 11:55 | Queue | Spearman |
| 12:03 | Build | House |
| 12:09 | Build | Palisade Wall |
| 12:16 | Queue | Villager (Male) |
| 12:29 | Build | Palisade Wall |
| 12:30 | Build | Palisade Wall |
| 12:34 | Queue | Skirmisher |
| 12:39 | Queue | Skirmisher |
| 12:49 | Build | Palisade Wall |
| 12:53 | Queue | Skirmisher |
| 12:54 | Queue | Villager (Male) |
| 12:55 | Queue | Villager (Male) |
| 12:56 | Research | Fletching |
| 13:03 | Build | Farm |
| 13:13 | Build | House |
| 13:16 | Build | House |
| 13:22 | Queue | Skirmisher |
| 13:30 | Build | Farm |
| 13:38 | Queue | Skirmisher |
| 13:44 | Build | House |
| 14:04 | Build | Farm |
| 14:09 | Research | Double-Bit Axe |
| 14:17 | Build | Farm |
| 14:17 | Queue | Villager (Male) |
| 14:48 | Build | Farm |
| 14:59 | Queue | Spearman |
| 15:00 | Queue | Villager (Male) |
| 15:01 | Queue | Villager (Male) |
| 15:08 | Build | Farm |
| 15:24 | Queue | Skirmisher |
| 15:26 | Research | Padded Archer Armor |
| 15:26 | Research | Padded Archer Armor |
| 15:31 | Build | House |
| 15:34 | Build | Farm |
| 15:35 | Queue | Villager (Male) |
| 15:50 | Queue | Spearman |
| 15:54 | Build | Farm |
| 16:01 | Queue | Archer |
| 16:10 | Build | House |
| 16:16 | Build | Farm |
| 16:24 | Build | Farm |
| 16:26 | Queue | Archer |
| 16:37 | Build | Palisade Wall |
| 16:38 | Build | Palisade Wall |
| 16:39 | Build | Palisade Wall |
| 16:39 | Build | Palisade Wall |
| 16:43 | Build | Farm |
| 16:53 | Queue | Villager (Male) |
| 17:03 | Build | Farm |
| 17:20 | Queue | Spearman |
| 17:21 | Queue | Spearman |
| 17:25 | Queue | Skirmisher |
| 17:25 | Queue | Skirmisher |
| 17:39 | Queue | Skirmisher |
| 17:59 | Queue | Skirmisher |
| 18:01 | Queue | Spearman |
| 18:01 | Queue | Villager (Male) |
| 18:05 | Build | Farm |
| 18:08 | Build | Farm |
| 18:24 | Queue | Skirmisher |
| 18:38 | Build | House |
| 18:39 | Build | Palisade Wall |
| 18:48 | Build | Market |
| 18:52 | Build | House |
| 19:13 | Queue | Villager (Male) |
| 19:31 | Build | House |
| 19:40 | Queue | Villager (Male) |
| 20:01 | Build | House |
| 20:07 | Queue | Villager (Male) |
| 20:27 | Research | Castle Age |
| 20:27 | Research | Castle Age |
| 20:38 | Build | Archery Range |
| 20:53 | Queue | Archer |
| 21:31 | Build | Watch Tower |
| 21:47 | Build | House |
| 21:55 | Build | House |
| 22:43 | Queue | Archer |
| 22:43 | Queue | Archer |
| 22:43 | Queue | Archer |
| 22:44 | Queue | Archer |
| 22:51 | Build | House |
| 23:12 | Age | Castle Age |
| 23:13 | Build | Palisade Gate |
| 23:24 | Build | Town Center |
| 23:28 | Queue | Elephant Archer |
| 23:28 | Queue | Elephant Archer |
| 23:29 | Research | Leather Archer Armor |
| 23:30 | Research | Bodkin Arrow |
| 23:46 | Build | Siege Workshop |
| 23:53 | Build | House |
| 23:57 | Build | House |
| 24:07 | Queue | Mangonel |
| 24:17 | Build | House |
| 24:21 | Queue | Elephant Archer |
| 24:21 | Queue | Elephant Archer |
| 24:22 | Queue | Villager (Male) |
| 24:22 | Queue | Villager (Male) |
| 24:22 | Queue | Villager (Male) |
| 24:45 | Build | House |
| 24:47 | Build | House |
| 24:49 | Build | House |
| 24:52 | Build | House |
Match timeline
| 3:02 | Hestia · first_building Barracks |
| 6:58 | dehinker · first_building Barracks |
| 7:21 | dehinker · wall_segment Palisade Wall x1 |
| 7:23 | dehinker · wall_segment Palisade Wall x1 |
| 7:26 | dehinker · wall_segment Palisade Wall x1 |
| 7:28 | dehinker · wall_segment Palisade Wall x1 |
| 8:47 | dehinker · wall_segment Palisade Wall x1 |
| 8:50 | dehinker · wall_segment Palisade Wall x1 |
| 8:54 | dehinker · wall_segment Palisade Wall x1 |
| 8:57 | dehinker · wall_segment Palisade Wall x1 |
| 9:25 | dehinker · age_up feudal |
| 9:56 | dehinker · first_building Archery Range |
| 11:26 | Hestia · wall_segment Palisade Wall x7 |
| 11:28 | Hestia · wall_segment Palisade Wall x8 |
| 11:34 | Hestia · age_up feudal |
| 11:40 | Hestia · first_building Archery Range |
| 12:09 | Hestia · wall_segment Palisade Wall x6 |
| 12:29 | Hestia · wall_segment Palisade Wall x3 |
| 12:30 | Hestia · wall_segment Palisade Wall x5 |
| 12:49 | Hestia · wall_segment Palisade Wall x4 |
| 13:58 | dehinker · first_building Stable |
| 16:37 | Hestia · wall_segment Palisade Wall x6 |
| 16:38 | Hestia · wall_segment Palisade Wall x1 |
| 16:39 | Hestia · wall_segment Palisade Wall x1 |
| 16:39 | Hestia · wall_segment Palisade Wall x1 |
| 18:39 | Hestia · wall_segment Palisade Wall x1 |
| 20:26 | Hestia · first_market_sell 100 wood |
| 20:26 | Hestia · first_market_buy 100 food |
| 21:57 | dehinker · age_up castle |
| 22:34 | dehinker · first_building Siege Workshop |
| 23:12 | Hestia · age_up castle |
| 23:46 | Hestia · first_building Siege Workshop |
| 28:35 | Hestia · first_building Monastery |
| 30:43 | Hestia · resign |
[ AI ANALYSIS · 1 CREDIT ]
What really happened in this match?
Wolo.gg analyzes every decision: build order, eco, micro, common mistakes by bracket. Personalized analysis on WhatsApp or Discord in 30 seconds.
Civ guide
Chinese
Perfil
Jugador #2533954